 Dungeon Crawl Stone Soup version 0.32-a0-18-g89e19f1974 (webtiles) character file.

Game seed: 4007073321483121070

761 bobarctor the Grave Robber (level 7, -1/46 HPs)
             Began as a Demonspawn Necromancer on Jan 16, 2024.
             Was an Initiate of Yredelemnul.
             Slain by Maggie
             ... wielding the +9 lance "Wyrmbane" {slay drac, rPois rF+ rC+ AC+3}
              (13 damage)
             ... on level 6 of the Dungeon.
             The game lasted 00:26:37 (5320 turns).

bobarctor the Grave Robber (Demonspawn Necromancer) Turns: 5320, Time: 00:26:37

Health: -1/46      AC:  3    Str:  8    XL:     7   Next: 51%
Magic:  11/14      EV: 13    Int: 17    God:    Yredelemnul [......]
Gold:   221        SH:  0    Dex: 14    Spells: 8/16 levels left

rFire   . . .        B - +0 whip (venom)
rCold   + . .        (no shield)
rNeg    . . .        a - +0 robe
rPois   .            (helmet restricted)
rElec   .            (no cloak)
rCorr   .            n - +0 pair of gloves
SInv    .            (no boots)
Will    .....        (no amulet)
Stlth   +++          k - ring of protection from cold
HPRegen 0.27/turn    m - ring of flight
MPRegen 0.14/turn

%: no passive effects
@: flying, very slightly contaminated
A: horns 1, powered by pain 1, spiny 1
a: Renounce Religion, Recall Undead Harvest


You were on level 6 of the Dungeon.
You worshipped Yredelemnul.
Yredelemnul was noncommittal.
You visited 1 branch of the dungeon, and saw 6 of its levels.

You collected 221 gold pieces.

Inventory:

Hand Weapons
 f - a +0 dagger
 g - a +1 spectral club
 x - a +0 shortbow
 B - a +0 whip of venom (weapon)
Missiles
 d - 27 stones
 u - 3 poisoned darts
 y - 3 curare-tipped darts
Armour
 a - a +0 robe (worn)
 n - a +0 pair of gloves (worn)
Jewellery
 k - a ring of protection from cold (left hand)
 m - a ring of flight (right hand)
 A - a ring of fire
Wands
 q - a wand of flame (15)
Scrolls
 e - 6 scrolls of identify {unknown}
 l - 2 scrolls of poison {unknown}
 o - a scroll of enchant armour {unknown}
 p - a scroll of fear {unknown}
 t - 5 scrolls of immolation {unknown}
 w - a scroll of amnesia {unknown}
 z - a scroll of blinking {unknown}
Potions
 b - a potion of magic
 c - 2 potions of degeneration {unknown}
 h - a potion of cancellation {unknown}
 i - a potion of heal wounds {unknown}
 j - a potion of might {unknown}
 r - a potion of ambrosia {unknown}
 s - a potion of attraction {unknown}
 v - a potion of brilliance {unknown}


   Skills:
 + Level 3.7 Dodging
 + Level 3.9 Stealth
 * Level 5.0 Spellcasting
 + Level 5.9 Necromancy
 + Level 2.6 Invocations


You had 8 spell levels left.
You knew the following spells:

 Your Spells              Type           Power      Damage    Failure   Level
a - Necrotise             Necr           96%        1d8       1%          1
b - Vampiric Draining     Necr           24%        2d7       3%          3
c - Magic Dart            Conj           16%        1d3       14%         1
d - Mephitic Cloud        Conj/Alch/Air  4%         N/A       38%         3

Your spell library contained the following spells:

 Spells                   Type           Power      Damage    Failure   Level
 Sublimation of Blood     Necr           24%        N/A       1%          2
 Sandblast                Erth           8%         2d5       14%         1
 Searing Ray              Conj           8%         2d4       22%         2
 Curse of Agony           Necr           24%        N/A       34%         5
 Dazzling Flash           Conj/Hex       8%         N/A       38%         3
 Passwall                 Erth           4%         N/A       38%         3
 Stone Arrow              Conj/Erth      8%         3d7       38%         3
 Brom's Barrelling Bould  Conj/Erth      4%         2d3       80%         4
 Fulminant Prism          Conj/Alch      2%         3d5       80%         4
 Petrify                  Alch/Erth      4%         N/A       80%         4
 Irradiate                Conj/Alch      2%         3d12      98%         5
 Silence                  Hex/Air        2%         N/A       98%         5
 Animate Dead             Necr           Unusable   N/A       N/A         4

Dungeon Overview and Level Annotations

Branches:
Dungeon (6/15)
 Temple: D:4-7

Altars:
Cheibriados
Yredelemnul

Annotations:
D:6 Maggie


Innate Abilities, Weirdness & Mutations

You have a pair of small horns on your head.
You sometimes gain a little power by taking damage.
You are partially covered in sharp spines.


Message History

Maggie writhes in agony.
Maggie zaps a wand.
Your sky beast zombie resists with significant effort.
Maggie mumbles some strange words.
Maggie attempts to bespell you! You resist with almost no effort.
Your sky beast zombie hits Maggie.
You closely miss Maggie. You headbutt Maggie, but do no damage.
Maggie is moderately wounded.
Maggie hits you with the +9 lance "Wyrmbane" {slay drac, rPois rF+ rC+ AC+3}!
You focus on the pain.
You feel your power returning.
Your sky beast zombie closely misses Maggie.
You hit Maggie but do no damage.
Maggie is poisoned.
Your headbutt misses Maggie.
Maggie is moderately wounded.
Maggie practices a pose.
Maggie zaps a wand.
You resist with some effort.
Your sky beast zombie hits Maggie but does no damage.
Casting: Necrotise (safe; 1% risk of failure)
Confirm with . or Enter, or press ? or * to list all spells.
Aiming: Vampiric Draining (dangerous; 3% risk of failure)
Press: ? - help, Shift-Dir - straight line, f/p - Maggie
Aim: Maggie, wielding the +9 lance "Wyrmbane" {slay drac, rPois rF+ rC+ AC+3}, wearing +0 acid dragon scales and carrying a wand of charming (moderately wounded, very poisoned, ally target)
You draw life force from Maggie!
You feel life coursing into your body. Maggie casts a spell at you.
The bolt of fire hits you!!
Ouch! That really hurt!
* * * LOW HITPOINT WARNING * * *
You focus on the pain.
You feel your power returning.
Casting: Vampiric Draining (dangerous; 3% risk of failure)
Confirm with . or Enter, or press ? or * to list all spells.
Aiming: Vampiric Draining (dangerous; 3% risk of failure)
Press: ? - help, Shift-Dir - straight line, f/p - Maggie
Aim: Maggie, wielding the +9 lance "Wyrmbane" {slay drac, rPois rF+ rC+ AC+3}, wearing +0 acid dragon scales and carrying a wand of charming (moderately wounded, very poisoned, ally target)
You miscast Vampiric Draining.
You are very lightly contaminated with residual magic.
Nothing appears to happen.
Your sky beast zombie hits Maggie but does no damage.
Maggie hits you with the +9 lance "Wyrmbane" {slay drac, rPois rF+ rC+ AC+3}!
You die...
Your body rises from the dead as a mindless zombie.

#############
#........[..#
#.....@....<#
#.<..@Z.....#
#...........#
#######..#########
##.>#..#..###..##
#........o......#
#........).).Z..#
######..######o##
#### #.#


You could see Maggie (very poisoned, ally target) and a friendly sky beast
zombie.

Vanquished Creatures
  A human (D:4)
  A sky beast (D:6)
  A black bear (D:4)
  An ice beast (D:5)
  A centaur (D:5)
  3 scorpions
  A bombardier beetle (D:5)
  A hound (D:5)
  Jessica (D:2)
  An iguana (D:6)
  5 adders
  2 dart slugs
  3 ribbon worms
  2 orcs
  6 ball pythons
  4 bats
  6 endoplasms
  3 giant cockroaches
  6 goblins
  5 hobgoblins
  4 jackals
  3 kobolds
  4 quokkas
  3 frilled lizards
  A goblin skeleton (D:4)
  A jackal zombie (D:4)
  A kobold zombie (D:4)
  5 rats
76 creatures vanquished.

Vanquished Creatures (collateral kills)
  2 orcs (D:6)
2 creatures vanquished.

Vanquished Creatures (others)
  An iguana zombie (D:6)
  An orc zombie (D:6)
2 creatures vanquished.

Grand Total: 80 creatures vanquished

Notes
Turn   | Place    | Note
-------+----------+-------------------------------------------
     0 | D:1      | bobarctor the Demonspawn Necromancer began the quest for
                  | the Orb.
     0 | D:1      | Reached XP level 1. HP: 13/13 MP: 3/3
   262 | D:1      | Gained mutation: You are partially covered in sharp spines.
                  | [demonic ancestry]
   262 | D:1      | Reached XP level 2. HP: 19/19 MP: 1/5
  1054 | D:2      | Noticed Jessica
  1056 | D:2      | Killed Jessica
  1057 | D:2      | Reached XP level 3. HP: 24/24 MP: 4/7
  1200 | D:2      | Learned a level 3 spell: Vampiric Draining
  1267 | D:2      | Found a faded altar of an unknown god.
  1541 | D:2      | Gained mutation: You have a pair of small horns on your
                  | head. [demonic ancestry]
  1541 | D:2      | Reached XP level 4. HP: 30/30 MP: 3/8
  2371 | D:3      | Learned a level 1 spell: Magic Dart
  2628 | D:3      | Found a snail-covered altar of Cheibriados.
  2895 | D:4      | Noticed a human
  2895 | D:4      | Found a runed translucent door.
  3119 | D:4      | Noticed a scorpion
  3137 | D:4      | Killed a scorpion
  3138 | D:4      | Reached skill level 5 in Necromancy
  3138 | D:4      | Reached XP level 5. HP: 33/35 MP: 6/10
  3430 | D:4      | Noticed a black bear
  3437 | D:4      | Killed a black bear
  3674 | D:4      | Found a basalt altar of Yredelemnul.
  3708 | D:4      | Killed a human
  3739 | D:4      | Became a worshipper of Yredelemnul the Dark
  3825 | D:4      | Gained mutation: You sometimes gain a little power by
                  | taking damage. [demonic ancestry]
  3825 | D:4      | Reached XP level 6. HP: 41/41 MP: 7/11
  4288 | D:5      | Entered Level 5 of the Dungeon
  4368 | D:5      | Reached skill level 1 in Invocations
  4474 | D:5      | Learned a level 3 spell: Mephitic Cloud
  4559 | D:5      | Noticed an ice beast
  4570 | D:5      | Killed an ice beast
  4570 | D:5      | Reached * piety under Yredelemnul
  4684 | D:5      | Reached XP level 7. HP: 46/46 MP: 9/13
  4795 | D:5      | Reached ** piety under Yredelemnul
  5180 | D:6      | Noticed Maggie
  5301 | D:6      | Reached skill level 5 in Spellcasting
  5320 | D:6      | Slain by Maggie

Illustrated notes

Levels and vault maps discovered:
D:1:      scummos_arrival_simple_crosswalls, layout_loops_ring,
          serial_bayou_crossing
D:2:      layout_loops_cross, shapermc_ecumenical_altar_ellora, grunt_decor_cap,
          kennysheep_jessica_study
D:3:      layout_rooms, cheibrodos_worm_habitat, grunt_ministairs_6
D:4:      nicolae_BIG_FREAKIN_CUBE, layout_loops_corners, dk_yredelemnul_ordeal
D:5:      layout_basic, minmay_holes, dk_rats_in_the_wall
D:6:      layout_gridville, lemuel_coloured_pillars_altar, uniq_jeremiah,
          uniq_blork_the_orc, uniq_maggie

Skill      XL: |  1  2  3  4  5  6  7 |
---------------+----------------------+-----
Dodging        | 2 3 |  3.7
Stealth        | 2 3 |  3.9
Spellcasting   | 3 4 5 |  5.0
Necromancy     | 5 |  5.9
Invocations    | 2 |  2.6

Action                     |  1- 3 |  4- 6 |  7- 9 || total
---------------------------+-------+-------+-------++-------
  Melee: Unarmed           |     2 |       |       ||     2
         Club              |     8 |    25 |     4 ||    37
         Headbutt          |       |     5 |     2 ||     7
         Whip              |       |       |     2 ||     2
   Cast: Necrotise         |    61 |    68 |    28 ||   157
         Vampiric Draining |     1 |     4 |     1 ||     6
         Magic Dart        |       |    13 |       ||    13
 Armour: Robe              |    13 |    26 |     4 ||    43
  Dodge: Dodged            |    18 |    36 |     7 ||    61

Table legend: (Time is in decaauts)
 A = Elapsed time spent in this place.
 B = Non-inter-level travel time spent in this place.
 C = Inter-level travel time spent in this place.
 D = Time resting spent in this place.
 E = Time spent auto-exploring this place.
 F = Levels seen in this place.
 G = Mean time per level.
                   A        B        C        D        E       F      G
               +--------+--------+--------+--------+--------+-----+--------+
         Total |   5339 |   4973 |    366 |    517 |   3719 |   6 |  889.8 |
       Dungeon |   5339 |   4973 |    366 |    517 |   3719 |   6 |  889.8 |
               +--------+--------+--------+--------+--------+-----+--------+

Top non-repeatable levels by time:
     D:4: 1329 daAuts
     D:2: 1184 daAuts
     D:1: 1002 daAuts
     D:5: 889 daAuts
     D:3: 788 daAuts
     D:6: 145 daAuts
